 Dungeon Crawl Stone Soup version 0.29-a0-284-gf9362112df (webtiles) character file.

Game seed: 16598117838526072079

12718 spaghetti the Nimble (level 11, -4/100 HPs)
             Began as a Demonspawn Chaos Knight on Mar 19, 2022.
             Was a Plaything of Xom.
             Slain by a wyvern (11 damage)
             ... on level 1 of the Lair of Beasts on Mar 20, 2022.
             The game lasted 00:34:34 (16874 turns).

spaghetti the Nimble (Demonspawn Chaos Knight)     Turns: 16874, Time: 00:34:35

Health: -4/100     AC: 16    Str:  9 (11) XL:     11   Next: 66%
Magic:  11/11      EV: 10    Int: 16 (17) God:    Xom [.....*]
Gold:   788        SH:  4    Dex: 15 (16) Spells: 4/10 levels left

rFire   . . .      SeeInvis .     - Unarmed
rCold   . . .      Faith    .   (no shield)
rNeg    . . .      Spirit   .   w - +0 plate armour
rPois   .          Reflect  .   g - +0 hat "Manoifio" {Str+2 Dex+3}
rElec   .          Harm     .   c - +0 cloak
rCorr   .          Rampage  .   f - +1 pair of gloves
Will    .....      Clarity  +   (no boots)
Stlth   ..........              (no amulet)
HPRegen 0.26/turn               v - +4 ring of slaying
MPRegen 0.12/turn               (no ring)

@: lethally poisoned (-4 -> -7)
A: antennae 1, powered by pain 2, spiny 1, sturdy frame 3, large bone plates 1,
clarity, deterioration 1, mutation resistance 1, robust 2, weak 2
a: Renounce Religion


You were on level 1 of the Lair of Beasts.
You worshipped Xom.
You were Xom's teddy bear.
You visited 2 branches of the dungeon, and saw 11 of its levels.

You collected 788 gold pieces.


Innate Abilities, Weirdness & Mutations

You have a pair of small antennae on your head.
You sometimes gain power by taking damage.
You are partially covered in sharp spines.
Your movements are significantly less encumbered by armour. (ER -6)
You are partially covered in large bone plates. (SH +4)
You possess an exceptional clarity of mind.
Your body sometimes deteriorates upon taking damage.
You are somewhat resistant to further mutation.
You are very robust. (+20% HP)
You are very weak. (Str -4)


   Skills:
 - Level 7.1 Fighting
 + Level 7.1 Armour
 + Level 9.8 Dodging
 + Level 9.2 Unarmed Combat
 + Level 6.2 Air Magic
 - Level 3.0 Poison Magic


You had 4 spell levels left.
You knew the following spells:

 Your Spells              Type           Power      Damage    Failure   Level
a - Poisonous Vapours     Pois/Air       28%        N/A       61%         2
b - Airstrike             Air            9%         N/A       95%         4

Your spell library contained the following spells:

 Spells                   Type           Power      Damage    Failure   Level
 Swiftness                Air            19%        N/A       63%         3
 Shock                    Conj/Air       36%        1d5       67%         1
 Sting                    Tmut/Pois      16%        1d3       88%         1
 Freeze                   Ice            0%         1d3       98%         1
 Frozen Ramparts          Ice            0%         1d2       100%        3
 Tukima's Dance           Hex            0%         N/A       100%        3
 Hailstorm                Conj/Ice       0%         3d3       100%        4
 Olgreb's Toxic Radiance  Pois           9%         N/A       100%        4
 Passage of Golubria      Tloc           0%         N/A       100%        4
 Yara's Violent Unravell  Hex/Tmut       0%         3d3       100%        5

Inventory:

Hand Weapons
 b - a +1 arbalest of freezing {crossbow}
   (Xom gifted it to you on level 8 of the Dungeon)
Missiles
 d - 311 stones {throwing}
 l - 7 boomerangs {throwing}
 m - 11 poisoned darts {throwing}
 C - 2 curare-tipped darts {=fthrowing}
Armour
 a - a +2 leather armour
 c - a +0 cloak (worn)
   (You took it off Crazy Yiuf on level 2 of the Dungeon)
 f - a +1 pair of gloves (worn)
   (You found it on level 1 of the Dungeon)
 g - the +0 hat "Manoifio" (worn) {Str+2 Dex+3}
   (You found it on level 2 of the Dungeon)

   Str:       It affects your strength (+2).
   Dex:       It affects your dexterity (+3).
 o - a +2 hat
   (You found it on level 2 of the Dungeon)
 q - the +1 chain mail of Beyond {-Tele rPois Dex+4}
   (You found it on level 4 of the Dungeon)

   Dex:       It affects your dexterity (+4).
   rPois:     It protects you from poison.
   -Tele:     It prevents most forms of teleportation.
 w - a +0 plate armour (worn)
   (You took it off an orc warrior on level 6 of the Dungeon)
Magical Staves
 p - a staff of fire {!astaff}
   (You found it on level 4 of the Dungeon)
 A - a staff of poison {!astaff}
   (You found it on level 1 of the Lair of Beasts)
Jewellery
 s - a ring of flight
   (You found it on level 5 of the Dungeon)
 v - a +4 ring of slaying (left hand)
   (You found it on level 6 of the Dungeon)
 x - an amulet of faith {!P}
   (You found it on level 6 of the Dungeon)
 z - an amulet of regeneration {@e2}
   (You found it on level 8 of the Dungeon)
Wands
 t - a wand of flame (8)
   (You found it on level 6 of the Dungeon)
Scrolls
 e - 3 scrolls of holy word {!r}
 h - 4 scrolls of enchant armour
 j - a scroll of magic mapping {!r}
 u - 2 scrolls of fog
 y - a scroll of immolation {!r!r}
 D - a scroll of brand weapon
Potions
 n - 3 potions of attraction {!q}
 r - a potion of cancellation
Miscellaneous
 i - a piece from Xom's chessboard (15/15)

Dungeon Overview and Level Annotations

Branches:
Dungeon (10/15)            Temple (0/1) D:5            Lair (1/6) D:10
    Orc (0/2) D:10

Altars:
Dithmenos
Elyvilon
Kikubaaqudgha
Uskayaw

.# #.≈h .#
#.hY .. .≈h.
## #≈.#
.####..#####
........†..##
P#.
##P..#####Y†#
... ## ##l##
##. #@.# ##.#
### ####.#
#.####.##.#
#.........##
#.########.#
#.# ### #.#
#.#


You could see a yak and a wyvern.


Message History

The black mamba poisons you! 😨 HP[-6]
You take 6 damage, and now have 47/100 hp.
You closely miss the black mamba.
You feel very sick. The black mamba closely misses you.
The black mamba bites you but does no damage. 😨 HP[-6]
You take 6 damage, and now have 41/100 hp.
You closely miss the black mamba.
You feel very sick. The white imp spits at you.
The white imp is struck by your spines.
The white imp hits you but does no damage.
The shadow imp hits you but does no damage.
The black mamba bites you!
* * * LOW HITPOINT WARNING * * *
You are lethally poisoned!
The black mamba poisons you! 😨 HP[-15]
You take 15 damage, and now have 26/100 hp.
You feel better. You block the black mamba's attack.
The shadow imp is struck by your spines.
The shadow imp hits you but does no damage.
The white imp barely misses you.
The black mamba is struck by your spines.
The black mamba bites you but does no damage. 😨 HP[+10]
You regained 10 hp, and now have 36/100 hp.
Okay, then.
Okay, then.
Okay, then.
You barely miss the black mamba.
The black mamba is struck by your spines.
The black mamba bites you.
* * * LOW HITPOINT WARNING * * *
The white imp gestures at you.
The puff of frost hits you but does no damage.
The shadow imp is struck by your spines.
You kill the shadow imp!
The shadow imp disappears in a puff of smoke! 😨 HP[-4]
You take 4 damage, and now have 32/100 hp.
You closely miss the black mamba. The black mamba bites you.
* * * LOW HITPOINT WARNING * * *
The black mamba bites you but does no damage.
The white imp hits you but does no damage. 😨 HP[-6]
You take 6 damage, and now have 26/100 hp.
The black mamba attacks as you move away!
You block the black mamba's attack. The white imp is struck by your spines.
The white imp hits you but does no damage.
The black mamba bites you!
* * * LOW HITPOINT WARNING * * *
You are poisoned.
The black mamba poisons you! 😱 HP[-9]
You take 9 damage, and now have 17/100 hp.
Okay, then.
The black mamba attacks as you move away!
The black mamba bites you but does no damage.
* * * LOW HITPOINT WARNING * * *
You feel very sick. The white imp gestures at you.
The puff of frost misses you.
The black mamba is struck by your spines.
The black mamba barely misses you. 😱 HP[-4]
You take 4 damage, and now have 13/100 hp.
Okay, then.
You feel sick. The white imp is struck by your spines.
You kill the white imp!
The white imp disappears in a puff of smoke! 😱 HP[-1]
You take 1 damage, and now have 12/100 hp.
Okay, then.
Okay, then.
You punch the black mamba!
You kill the black mamba!
You feel sick. The wolf bites you but does no damage.
You feel your intelligence returning. 😱 HP[-2]
You take 2 damage, and now have 10/100 hp.
You hit the wolf but do no damage.
You feel sick.
You hear Xom's avuncular chuckle.
The wolf evaporates and reforms as a wyvern!
You are now Xom's teddy bear.
The wyvern barely misses you. 😱 HP[-1]
You take 1 damage, and now have 9/100 hp.
You are quite poisoned (9 -> 4).
Your movement speed is average.
Your attack delay is about 0.8.
Your base attributes are Str 13, Int 17, Dex 13.
You feel sick. 😱 HP[-2]
You take 2 damage, and now have 7/100 hp.
You hit the wyvern.
You feel sick. The wyvern barely misses you.
The wyvern is struck by your spines. The wyvern bites you!
You die...
Xom howls with laughter!

Skill      XL: |  1  2  3  4  5  6  7  8  9 10 11 |
---------------+----------------------------------+-----
Unarmed Combat | 3 4 7 8 9 |  9.2
Air Magic      | 1 3 4 5 6 |  6.2
Poison Magic   | 1 3 |  3.0
Fighting       | 4 5 7 |  7.1
Dodging        | 1 4 6 7 9 |  9.8
Armour         | 3 5 7 |  7.1

Action                   |  1- 3 |  4- 6 |  7- 9 | 10-12 || total
-------------------------+-------+-------+-------+-------++-------
Melee: Unarmed           |   139 |    48 |   361 |   395 ||   943
       Punch             |     1 |       |    15 |    30 ||    46
 Fire: Arbalest          |       |       |       |     2 ||     2
 Cast: Poisonous Vapours |     1 |     9 |    12 |     2 ||    24
Evoke: Piece from Xom's  |     4 |    15 |       |     1 ||    20
       Wand              |       |     5 |     6 |     3 ||    14
  Use: Scroll            |     5 |     4 |     2 |     8 ||    19
       Potion            |     7 |     4 |     3 |     4 ||    18
 Stab: Paralysed         |     2 |     5 |     2 |       ||     9
       Invisible         |     2 |       |       |       ||     2
       Sleeping          |       |       |     1 |     1 ||     2
       Confused          |       |       |       |     3 ||     3
       Petrified         |       |       |       |     1 ||     1
Armor: Leather armour    |    67 |    21 |    61 |       ||   149
       Chain mail        |       |       |     1 |       ||     1
       Plate armour      |       |       |    57 |   169 ||   226
Dodge: Dodged            |   111 |    43 |   169 |   211 ||   534
Block: Other             |       |       |    63 |   115 ||   178

Levels and vault maps discovered:
D:1:      minmay_arrival_five_plusses, layout_loops_ring,
          shapermc_ecumenical_altar_ellora, minivault_23,
          minmay_tree_intersection, minmay_tall_x
D:2:      layout_rooms, uniq_crazy_yiuf_cottage
D:3:      layout_loops_ring, portal_sewer_entry_d, uniq_sigmund, uniq_natasha
D:4:      layout_basic, gammafunk_temple_overflow_elements
D:5:      layout_layer_cave, minmay_temple_entry_fiery, minmay_strange_pillars,
          serial_bayou_pond_c, hangedman_decor_peaks_small, uniq_blork_the_orc
D:6:      cheibrodos_iron_armory, layout_rooms, nicolae_uskayaw_en_pointe,
          grunt_ministairs_12
D:7:      minmay_octagon_keep, layout_loops_ring, enter_bailey_6,
          kennysheep_generic_room_16, uniq_prince_ribbit1
D:8:      layout_basic
D:9:      layout_basic, lemuel_tele_altar
D:10:     layout_irregular_city, grunt_lair_entry_orc_guard_hut,
          zombieorc2_lemuel, uniq_gastronok
Lair:1:   layout_loops_ring, chequers_serial_rivers_micro_c, uniq_sonja,
          uniq_erica

Notes
Turn   | Place    | Note
-------+----------+-------------------------------------------
     0 | D:1      | spaghetti the Demonspawn Chaos Knight began the quest for
                  | the Orb.
     0 | D:1      | Reached XP level 1. HP: 18/18 MP: 1/1
     0 | D:1      | magus.rc [v1.9.6]
   147 | D:1      | Reached skill level 3 in Unarmed Combat
   179 | D:1      | Gained mutation: Your movements are slightly less
                  | encumbered by armour. (ER -2) [demonic ancestry]
   179 | D:1      | Reached XP level 2. HP: 24/24 MP: 2/2
   231 | D:1      | You pick up a book of Air and begin reading...
   231 | D:1      | You add the spells Shock, Swiftness and Airstrike to your
                  | library.
   500 | D:1      | Gained mutation: Your movements are less encumbered by
                  | armour. (ER -4) [demonic ancestry]
   500 | D:1      | Reached XP level 3. HP: 17/29 MP: 3/3
   693 | D:1      | XOM: silly message
   702 | D:1      | Found a faded altar of an unknown god.
   760 | D:1      | You add the spells Sting, Poisonous Vapours and Olgreb's
                  | Toxic Radiance to your library.
   785 | D:1      | Reached skill level 4 in Unarmed Combat
   857 | D:1      | Learned a level 2 spell: Poisonous Vapours
   933 | D:2      | Identified the +0 hat "Manoifio" {Str+2 Dex+3}
   955 | D:1      | XOM: divination: detect creatures
  1080 | D:2      | XOM: divination: detect items
  1085 | D:2      | Noticed an ogre
  1097 | D:2      | XOM: divination: magic mapping
  1243 | D:2      | XOM: polymorph hobgoblin -> river rat
  1253 | D:2      | XOM: give mutations
  1253 | D:2      | Gained mutation: You are frail. (-10% HP) [Xom's mischief]
  1253 | D:2      | Gained mutation: Your body sometimes deteriorates upon
                  | taking damage. [Xom's mischief]
  1416 | D:2      | Found a runed translucent door.
  1417 | D:2      | Noticed Crazy Yiuf
  1442 | D:2      | XOM: butterfly on damage
  1450 | D:2      | HP: 5/26 [Crazy Yiuf/+2 quarterstaff of chaos (6)]
  1457 | D:2      | XOM: enchant monster (bad)
  1477 | D:2      | Killed Crazy Yiuf
  1478 | D:2      | Reached skill level 1 in Air Magic
  1478 | D:2      | Reached skill level 1 in Poison Magic
  1478 | D:2      | Gained mutation: You are partially covered in sharp spines.
                  | [demonic ancestry]
  1478 | D:2      | Reached XP level 4. HP: 10/31 MP: 1/4
  1505 | D:2      | XOM: silly message
  1524 | D:2      | XOM: god gift: 49 gold pieces
  1533 | D:2      | XOM: 3-stop teleportation journey
  1759 | D:2      | XOM: divine lightning
  1761 | D:2      | Killed an ogre
  2396 | D:3      | Noticed Sigmund
  2404 | D:3      | XOM: confuse monster(s)
  2496 | D:3      | XOM: silly message
  2519 | D:3      | HP: 7/31 [something/puff of flame (7)]
  2734 | D:2      | XOM: give mutation
  2734 | D:2      | Gained mutation: You are very frail. (-20% HP) [Xom's
                  | mischief]
  2800 | D:3      | Gained mutation: You have a pair of small antennae on your
                  | head. [demonic ancestry]
  2800 | D:3      | Reached XP level 5. HP: 32/32 MP: 2/5
  2807 | D:3      | Reached skill level 2 in Poison Magic
  2807 | D:3      | XOM: smoke on damage
  3031 | D:3      | XOM: noise
  3231 | D:3      | Noticed Natasha
  3234 | D:3      | XOM: enchant monster (good)
  3239 | D:3      | Killed Natasha
  3240 | D:3      | Reached skill level 2 in Air Magic
  3290 | D:3      | XOM: scenery: summon butterflies
  3411 | D:4      | Noticed an ogre
  3414 | D:4      | HP: 1/32 [ogre/+0 giant spiked club (31)]
  3427 | D:4      | Killed an ogre
  3428 | D:4      | Reached skill level 3 in Poison Magic
  3580 | D:2      | XOM: smoke on damage
  3580 | D:2      | XOM: torment (10/32 hp)
  3696 | D:2      | XOM: noise
  3702 | D:3      | Noticed Natasha
  3706 | D:2      | XOM: give mutation
  3706 | D:2      | Gained mutation: Your magical capacity is low. (-10% MP)
                  | [Xom's mischief]
  3797 | D:3      | XOM: smoke on damage
  3812 | D:3      | Killed Natasha
  3812 | D:3      | HP: 8/32 [something (2)]
  3813 | D:3      | Reached skill level 3 in Air Magic
  3813 | D:3      | Gained mutation: Your movements are significantly less
                  | encumbered by armour. (ER -6) [demonic ancestry]
  3813 | D:3      | Reached XP level 6. HP: 10/37 MP: 1/5
  3814 | D:3      | Killed Sigmund
  3815 | D:3      | Reached skill level 4 in Fighting
  4125 | D:4      | XOM: swap monsters
  4133 | D:4      | Lost mutation: Your magical capacity is low. (-10% MP)
                  | [potion of mutation]
  4133 | D:4      | Lost mutation: Your body sometimes deteriorates upon taking
                  | damage. [potion of mutation]
  4133 | D:4      | Gained mutation: You have hidden genetic defects. [potion
                  | of mutation]
  4133 | D:4      | Gained mutation: You are partially covered in large bone
                  | plates. (SH +4) [potion of mutation]
  4136 | D:4      | Reached skill level 1 in Dodging
  4136 | D:4      | Reached XP level 7. HP: 15/44 MP: 5/7
  4158 | D:4      | Gained mutation: You are weak. (Str -2) [hidden defects]
  4545 | D:4      | Reached skill level 2 in Dodging
  4719 | D:4      | Reached skill level 5 in Fighting
  4836 | D:4      | Gained mutation: You are very weak. (Str -4) [hidden
                  | defects]
  4836 | D:4      | Lost mutation: You have hidden genetic defects. [hidden
                  | defects expressed]
  4947 | D:4      | You pick up a book of Frost and begin reading...
  4947 | D:4      | You add the spells Freeze, Frozen Ramparts and Hailstorm to
                  | your library.
  4957 | D:4      | XOM: noise
  5023 | D:4      | XOM: give mutation
  5023 | D:4      | Gained mutation: Your magical capacity is low. (-10% MP)
                  | [Xom's mischief]
  5108 | D:4      | XOM: god gift: mace {god gift}
  5200 | D:4      | Found a shadowy altar of Dithmenos.
  5238 | D:4      | Identified the +1 chain mail of Beyond {-Tele rPois Dex+4}
  5254 | D:4      | XOM: cloud trail
  5295 | D:4      | XOM: give mutations
  5295 | D:4      | Lost mutation: You are very frail. (-20% HP) [Xom's grace]
  5295 | D:4      | Lost mutation: You are frail. (-10% HP) [Xom's grace]
  5295 | D:4      | Gained mutation: You are robust. (+10% HP) [Xom's grace]
  5295 | D:4      | Gained mutation: You are agile. (Dex +2) [Xom's grace]
  5402 | D:4      | XOM: cloud trail
  5572 | D:5      | Entered Level 5 of the Dungeon
  5587 | D:4      | Reached skill level 3 in Dodging
  5637 | D:4      | XOM: god gift: 21 gold pieces
  5793 | D:5      | XOM: give mutations
  5793 | D:5      | Gained mutation: You are very robust. (+20% HP) [Xom's
                  | grace]
  5793 | D:5      | Gained mutation: You expend magic power (3 MP) to
                  | strengthen your wands. [Xom's grace]
  5793 | D:5      | Gained mutation: You are somewhat resistant to further
                  | mutation. [Xom's grace]
  5793 | D:5      | Gained mutation: Your system is resistant to poisons.
                  | (rPois) [Xom's grace]
  5813 | D:5      | XOM: cloud trail
  5923 | D:5      | XOM: noise
  6092 | D:5      | XOM: confuse monster(s)
  6113 | D:5      | XOM: cast spell 'Cause Fear'
  6118 | D:5      | XOM: cast spell 'Call Canine Familiar'
  6121 | D:5      | Reached skill level 4 in Dodging
  6124 | D:5      | Gained mutation: You sometimes gain a little power by
                  | taking damage. [demonic ancestry]
  6124 | D:5      | Reached XP level 8. HP: 22/75 MP: 7/7
  6124 | D:5      | HP: 14/75 [wight/+4 spear of freezing (8)]
  6272 | D:5      | XOM: god gift: 21 stones
  6505 | D:5      | Found a staircase to the Ecumenical Temple.
  6556 | D:5      | XOM: smoke on damage
  6616 | D:5      | XOM: god gift: 2 potions of cancellation
  6776 | D:5      | Reached skill level 6 in Fighting
  6920 | D:5      | Reached skill level 5 in Dodging
  7350 | D:5      | XOM: 3-stop teleportation journey
  7377 | D:5      | XOM: noise
  7429 | D:5      | Noticed Blork the orc
  7441 | D:5      | Killed Blork the orc
  7561 | D:5      | XOM: noise
  7899 | D:6      | XOM: enchant monster (good)
  7936 | D:6      | XOM: 1-stop teleportation journey
  8156 | D:6      | Noticed a +0 short sword
  8156 | D:6      | Noticed a +0 short sword
  8157 | D:6      | Noticed a +0 dagger
  8159 | D:6      | Noticed a +0 spear
  8169 | D:6      | Found a hide-covered altar of Uskayaw.
  8171 | D:6      | Noticed a +0 dagger
  8171 | D:6      | Noticed a +0 falchion
  8172 | D:6      | Noticed a +0 spear
  8172 | D:6      | Noticed a +0 falchion
  8191 | D:6      | XOM: blink monster(s)
  8208 | D:6      | XOM: confuse monster(s)
  8225 | D:5      | Reached skill level 6 in Dodging
  8396 | D:6      | Reached skill level 7 in Fighting
  8614 | D:6      | Gained mutation: You sometimes gain power by taking damage.
                  | [demonic ancestry]
  8614 | D:6      | Reached XP level 9. HP: 81/86 MP: 8/8
  8749 | D:6      | Reached skill level 5 in Unarmed Combat
  9190 | D:7      | Reached skill level 6 in Unarmed Combat
  9326 | D:7      | Noticed a troll
  9334 | D:7      | XOM: summons friendly quasit
  9337 | D:7      | Killed a troll
  9338 | D:7      | Reached skill level 2 in Armour
  9338 | D:7      | Reached skill level 7 in Dodging
  9471 | D:7      | XOM is BORED!
  9471 | D:7      | XOM: confusion
  9484 | D:6      | Noticed a rust devil
  9484 | D:6      | Noticed a rust devil
  9668 | D:7      | XOM: scenery: summon butterflies
  9903 | D:7      | XOM: enchant monster (good)
  9910 | D:7      | Reached skill level 3 in Armour
  9925 | D:7      | XOM: confuse monster(s)
 10189 | D:7      | XOM: give mutations
 10189 | D:7      | Gained mutation: Your body sometimes deteriorates upon
                  | taking damage. [Xom's mischief]
 10189 | D:7      | Gained mutation: You do not regenerate when monsters are
                  | visible. [Xom's mischief]
 10189 | D:7      | Gained mutation: You have a pair of antennae on your head.
                  | [Xom's mischief]
 10313 | D:7      | Noticed Prince Ribbit
 10320 | D:7      | Killed Prince Ribbit
 10322 | D:7      | XOM: enchant monster (bad)
 10323 | D:7      | XOM: torment (34/86 hp)
 10332 | D:7      | HP: 16/86 [something/puff of frost (8)]
 10694 | D:7      | Noticed a two-headed ogre
 10727 | D:7      | XOM: chaos upgrade
 10728 | D:7      | XOM: noise
 10845 | D:8      | Reached skill level 7 in Unarmed Combat
 10845 | D:8      | Reached skill level 4 in Air Magic
 10881 | D:8      | Reached XP level 10. HP: 37/94 MP: 9/9
 10930 | D:8      | HP: 21/94 [xom (18)]
 10930 | D:8      | XOM: torment (21/94 hp)
 11237 | D:8      | XOM: 4-stop teleportation journey
 11244 | D:8      | Reached skill level 4 in Armour
 11258 | D:8      | XOM: confuse monster(s)
 11459 | D:9      | Found an ancient bone altar of Kikubaaqudgha.
 11656 | D:9      | XOM is BORED!
 11656 | D:9      | XOM: summons 3 hostile shadow creatures
 11667 | D:9      | XOM: summons 5 friendly demons
 11671 | D:9      | XOM: enchant monster (good)
 11673 | D:9      | HP: 23/94 [killer bee (3)]
 11678 | D:9      | HP: 14/94 [killer bee (8)]
 11805 | D:8      | XOM: give mutations
 11805 | D:8      | Gained mutation: You possess an exceptional clarity of
                  | mind. [Xom's grace]
 11805 | D:8      | Gained mutation: You are strong-willed. (Will+) [Xom's
                  | grace]
 11805 | D:8      | Gained mutation: Your flesh is heat resistant. (rF+) [Xom's
                  | grace]
 11805 | D:8      | Gained mutation: You are mostly covered in large bone
                  | plates. (SH +6) [Xom's grace]
 11900 | D:8      | XOM: 5-stop teleportation journey
 11951 | D:9      | Reached skill level 8 in Dodging
 12002 | D:8      | XOM: give mutations
 12002 | D:8      | Lost mutation: Your flesh is heat resistant. (rF+) [Xom's
                  | mischief]
 12002 | D:8      | Lost mutation: Your system is resistant to poisons. (rPois)
                  | [Xom's mischief]
 12095 | D:8      | XOM: chaos upgrade
 12116 | D:8      | Learned a level 4 spell: Airstrike
 12136 | D:8      | XOM: god gift: scroll of teleportation
 12232 | D:8      | XOM: god gift: +1 arbalest of freezing
 12260 | D:8      | XOM: scenery: 1 doors close
 12664 | D:9      | XOM: divination: detect items
 12669 | D:9      | XOM: torment (42/94 hp)
 12671 | D:9      | XOM: enchant monster (good)
 12673 | D:9      | HP: 21/94 [yak (12)]
 12675 | D:9      | Reached skill level 5 in Air Magic
 12679 | D:9      | HP: 15/94 [wraith (6)]
 12798 | D:9      | XOM: give mutations
 12798 | D:9      | Lost mutation: You are strong-willed. (Will+) [Xom's
                  | mischief]
 12798 | D:9      | Lost mutation: Your magical capacity is low. (-10% MP)
                  | [Xom's mischief]
 13143 | D:9      | Reached skill level 5 in Armour
 13148 | D:9      | HP: 20/94 [poisoned by an orc wizard]
 13153 | D:9      | HP: 8/94 [poisoned by an orc wizard]
 13158 | D:9      | HP: 5/94 [poisoned by an orc wizard]
 13215 | D:9      | XOM: give mutations
 13215 | D:9      | Lost mutation: You are agile. (Dex +2) [Xom's mischief]
 13215 | D:9      | Lost mutation: You are mostly covered in large bone plates.
                  | (SH +6) [Xom's mischief]
 13215 | D:9      | Lost mutation: You do not regenerate when monsters are
                  | visible. [Xom's mischief]
 13357 | D:9      | XOM: divination: detect creatures
 13634 | D:9      | You add the spells Tukima's Dance, Passage of Golubria and
                  | Yara's Violent Unravelling to your library.
 13663 | D:9      | Noticed a two-headed ogre
 13672 | D:9      | Killed a two-headed ogre
 13673 | D:9      | Reached skill level 8 in Unarmed Combat
 13884 | D:9      | XOM: divination: magic mapping
 13885 | D:9      | XOM: cast spell 'Summon Small Mammal'
 14131 | D:10     | Entered Level 10 of the Dungeon
 14131 | D:10     | Found a staircase to the Orcish Mines.
 14273 | D:10     | Reached skill level 9 in Dodging
 14280 | D:10     | Reached XP level 11. HP: 79/100 MP: 11/11
 14315 | D:10     | Noticed a two-headed ogre
 14315 | D:10     | XOM: 1-stop teleportation journey
 14321 | D:10     | XOM: silly message
 14322 | D:10     | XOM: noise
 14340 | D:10     | Reached skill level 6 in Armour
 14348 | D:10     | XOM: summons friendly crimson imp
 14365 | D:10     | HP: 24/100 [poisoned by a killer bee]
 14366 | D:10     | HP: 10/100 [poisoned by a killer bee]
 14371 | D:10     | HP: 7/100 [poisoned by a killer bee]
 14386 | D:10     | HP: 2/100 [gargoyle/stone arrow (8)]
 14492 | D:9      | XOM: divination: detect creatures
 14604 | D:9      | XOM: divination: detect items
 14646 | D:9      | XOM: silly message
 14824 | D:10     | XOM: potion effect (curing)
 14881 | D:10     | Found a staircase to the Lair.
 14890 | Lair:1   | Entered Level 1 of the Lair of Beasts
 15266 | Lair:1   | XOM: give mutations
 15266 | Lair:1   | Lost mutation: You expend magic power (3 MP) to strengthen
                  | your wands. [Xom's mischief]
 15266 | Lair:1   | Lost mutation: You have a pair of antennae on your head.
                  | [Xom's mischief]
 15355 | Lair:1   | Noticed Erica
 15355 | Lair:1   | XOM: summons 11 friendly demons
 15357 | Lair:1   | Noticed a four-headed hydra
 15365 | Lair:1   | Killed a four-headed hydra
 15377 | Lair:1   | Killed Erica
 15390 | Lair:1   | XOM: god gift: 15 stones
 15529 | Lair:1   | Noticed Sonja
 15530 | Lair:1   | XOM: enchant monster (good)
 15537 | Lair:1   | Killed Sonja
 15614 | Lair:1   | XOM: scenery: summon butterflies
 15682 | Lair:1   | XOM: god gift: 44 gold pieces
 15897 | Lair:1   | HP: 11/100 [komodo dragon (17)]
 16066 | D:10     | XOM: destruction
 16082 | D:10     | Reached skill level 9 in Unarmed Combat
 16226 | Lair:1   | XOM: 4-stop teleportation journey
 16280 | Lair:1   | XOM: 1-stop teleportation journey
 16311 | Lair:1   | HP: 23/99 [komodo dragon (10)]
 16317 | Lair:1   | XOM: noise
 16824 | Lair:1   | XOM: noise
 16827 | Lair:1   | Reached skill level 6 in Air Magic
 16827 | Lair:1   | XOM: enchant monster (good)
 16845 | Lair:1   | Reached skill level 7 in Armour
 16859 | Lair:1   | XOM: blink monster(s)
 16862 | Lair:1   | XOM: summons 2 hostile demons
 16868 | Lair:1   | HP: 17/100 [black mamba (9)]
 16872 | Lair:1   | XOM: polymorph wolf -> wyvern
 16873 | Lair:1   | HP: 7/100 [poisoned by a black mamba]
 16874 | Lair:1   | Slain by a wyvern

Vanquished Creatures
  A two-headed ogre (D:9)
  Erica (Lair:1)
  Sonja (Lair:1)
  A black mamba (Lair:1)
  A cane toad (Lair:1)
  A komodo dragon (Lair:1)
  A polar bear (Lair:1)
  2 trolls
  Prince Ribbit (D:7)
  Sigmund (D:3)
  2 shadows
  A wyvern (D:8)
  A wraith (D:9)
  11 yaks
  3 steam dragons
  A basilisk (Lair:1)
  3 water moccasins
  2 sky beasts (D:6)
  An ice beast (D:7)
  2 black bears
  2 orc warriors
  5 wolves (Lair:1)
  4 ogres
  2 centaurs (D:7)
  2 phantoms (D:10)
  Blork the orc (D:5)
  6 bullfrogs
  4 scorpions
  3 necrophages
  21 wights
  22 killer bees
  4 howler monkeys
  2 jellies
  2 orc priests (D:8)
  Crazy Yiuf (D:2)
  A gnoll shaman (D:5)
  A hound (D:6)
  5 iguanas
  Natasha (twice) (D:3)
  3 orc wizards
  6 ogre zombies (D:10)
  7 adders
  4 gnolls
  A river rat (D:2)
  2 white imps
  An ufetubus (D:7)
  2 worms
  4 dart slugs
  11 orcs
  6 bats
  5 endoplasms
  3 giant cockroaches
  10 hobgoblins
  5 jackals
  3 quokkas
  5 ball pythons
  A frilled lizard (D:3)
  9 goblins
  2 goblin skeletons (D:10)
  2 goblin zombies (D:10)
  A hobgoblin skeleton (D:10)
  2 hobgoblin zombies (D:10)
  5 kobolds
  An orc skeleton (D:10)
  10 orc zombies (D:10)
  5 rats
244 creatures vanquished.

Vanquished Creatures (collateral kills)
  A hydra (Lair:1)
  A bullfrog (Lair:1)
2 creatures vanquished.

Vanquished Creatures (others)
  A hound (D:2)
  18 fungi
  12 plants
31 creatures vanquished.

Grand Total: 277 creatures vanquished

Table legend:
 A = Non-vault XP
 B = Vault XP
 C = Vault XP percentage of total XP
 D = Non-vault monster count
 E = Vault monster count
 F = Vault count percentage of total count
                 A         B        C        D         E       F
            +---------+---------+-------+---------+---------+-------
      Total |   14609 |    3560 |  19.6 |     200 |      47 |  19.0
            +---------+---------+-------+---------+---------+-------
        D:1 |      47 |       6 |  11.3 |      25 |       4 |  13.8
        D:2 |      77 |      42 |  35.3 |      16 |       1 |   5.9
        D:3 |      77 |     288 |  78.9 |      12 |       3 |  20.0
        D:4 |     484 |       0 |   0.0 |      14 |       0 |   0.0
        D:5 |     902 |      99 |   9.9 |      23 |       1 |   4.2
        D:6 |     978 |     172 |  15.0 |      16 |       2 |  11.1
        D:7 |    1576 |     422 |  21.1 |      17 |       4 |  19.0
        D:8 |    1840 |       0 |   0.0 |      29 |       0 |   0.0
        D:9 |    3490 |       0 |   0.0 |      20 |       0 |   0.0
       D:10 |    1119 |     918 |  45.1 |      12 |      30 |  71.4
     Lair:1 |    4019 |    1613 |  28.6 |      16 |       2 |  11.1
            +---------+---------+-------+---------+---------+-------

Illustrated notes

Table legend:
 A = Kills in this place as a percentage of kills in entire the game.
 B = Kills by you in this place as a percentage of kills by you in the entire game.
 C = Kills by friends in this place as a percentage of kills by friends in the entire game.
 D = Other kills in this place as a percentage of other kills in the entire game.
 E = Experience gained in this place as a percentage of experience gained in the entire game.
 F = Experience gained in this place divided by the number of levels of this place that you have seen.
                   A       B       C       D       E      F
               +-------+-------+-------+-------+-------+----------------------
         Total | 100.0 | 100.0 | 100.0 | 100.0 | 100.0 | 1651.7
       Dungeon |  92.7 |  93.4 |   0.0 | 100.0 |  69.0 | 1253.7
          Lair |   7.3 |   6.6 | 100.0 |   0.0 |  31.0 | 5632.0
               +-------+-------+-------+-------+-------+----------------------

Table legend: (Time is in decaauts)
 A = Elapsed time spent in this place.
 B = Non-inter-level travel time spent in this place.
 C = Inter-level travel time spent in this place.
 D = Time resting spent in this place.
 E = Time spent auto-exploring this place.
 F = Levels seen in this place.
 G = Mean time per level.
                   A        B        C        D        E       F      G
               +--------+--------+--------+--------+--------+-----+--------+
         Total |  16781 |  16325 |    456 |   6356 |   7477 |  11 | 1525.5 |
       Dungeon |  14985 |  14537 |    448 |   5556 |   6682 |  10 | 1498.5 |
          Lair |   1795 |   1787 |      8 |    800 |    795 |   1 | 1795.0 |
               +--------+--------+--------+--------+--------+-----+--------+

Top non-repeatable levels by time:
     D:9: 2333 daAuts
     D:5: 2244 daAuts
  Lair:1: 1795 daAuts
     D:4: 1784 daAuts
     D:2: 1644 daAuts
     D:7: 1601 daAuts
     D:8: 1446 daAuts
     D:3: 1288 daAuts
     D:6: 1138 daAuts
     D:1: 994 daAuts
    D:10: 509 daAuts
